AoeStats
← QNa_NguaHoang

Nomad

509516976Analyzed
4v4 RM · 4d ago on Sep 27, 2026· 21m 20s· 8 players
Game mode
Random Map
Map size
231×231
Population
200
Speed
Normal
Resources
Standard
Victory
Conquest
Starting age
Dark Age
Ending age
Imperial Age
RankedLock teamsTeams togetherTeam positionsShared explorationLock speedFull tech treeHidden civsTurbo modeCheats
Victory
Defeat
🇰🇷 Britons · South Korea
1454
+10
🇨🇳 Spanish · China
1334
+15
🇰🇷 Dravidians · South Korea
1278
+17
🇰🇷 Varangians · South Korea
1245
+20
🇨🇴 Persians · Colombia
1377
-18
🇦🇺 Dravidians · Australia
1296
-15
🇻🇳 Vietnamese · Vietnam
1296
-15
🇨🇱 Wu · Chile
1290
-14
CavArchers
10:57 Loom
12:53 Feudal Age
16:33 Castle Age
Gustavsson
3:59 Loom
4:09 Loom
14:30 Feudal Age
20:17 Castle Age
18:44 Double-Bit Axe
18:46 Fishing Lines
20:13 Gold Mining
21:27 Bow Saw
21:26 Fletching
PLEASE, PLEASE, PLEASE
15:56 Feudal Age
16:18 Man-at-Arms
16:44 Arson
18:10 Fishing Lines
18:45 Fletching
남조선사람
5:12 Loom
12:16 Feudal Age
17:35 Fletching
19:03 Fishing Lines
ACI ShaN
4:45 Loom
18:03 Feudal Age
NPG | Kenji
5:19 Loom
13:46 Feudal Age
14:32 Double-Bit Axe
22:26 Castle Age
20:21 Horse Collar
BrokeMate
14:33 Feudal Age
20:08 Castle Age
19:10 Loom
20:20 Fletching
QNa_NguaHoang
6:15 Loom
15:00 Feudal Age
18:42 Castle Age
17:34 Stone Mining
17:32 Double-Bit Axe
17:30 Horse Collar
18:37 Gold Mining
20:26 Wheelbarrow
Connection lost

Rejoining the realm…

Still unreachable

The connection could not be restored.

Session expired

The server has moved on; the page needs a fresh start.